PBL
COLORADO AVALANCHE @ AMARILLO THUNDERHEADS
07/16/2047
 
TOP OF THE 1ST
Colorado Avalanche batting - Pitching for Amarillo ThunderHeads : RHP Antonio Ayala
Pitching: RHP Antonio Ayala
Batting: RHB Kevin Tangeman 0-0: Ball
1-0: Called Strike
1-1: Ground out 5-3 (Groundball, 56, EV 93.1 MPH)
Batting: LHB Mick Tucker 0-0: Ball
1-0: Swinging Strike
1-1: Ball
2-1: Foul Ball, location: 2F
2-2: Ball
3-2: SOLO HOME RUN (Flyball, 89XD, EV 108.1 MPH), Distance : 392 ft
Batting: RHB Eric Delgado 0-0: Ball
1-0: Ball
2-0: Ball
3-0: Called Strike
3-1: Swinging Strike
3-2: Strikes out swinging
Batting: SHB Ken Griffey IV 0-0: Ball
1-0: Ball
2-0: Ground out 5-3 (Groundball, 56S, EV 77.5 MPH)
Top of the 1st over - 1 run, 1 hit, 0 errors, 0 left on base; Colorado 1 - Amarillo 0
BOTTOM OF THE 1ST
Amarillo ThunderHeads batting - Pitching for Colorado Avalanche : RHP Don Carriere
Pitching: RHP Don Carriere
Batting: RHB Sam Voss 0-0: Ball
1-0: SINGLE (Groundball, 6S, EV 68.8 MPH) (infield hit)
Batting: SHB Tyler Romo 0-0: Ball
1-0: Ball
Sam Voss steals 2nd base
2-0: Called Strike
2-1: Swinging Strike
2-2: Ball
3-2: Hit by Pitch
Batting: RHB Bill Flannery 0-0: Ball
1-0: Foul Ball, location: 2F
1-1: Called Strike
1-2: Ball
2-2: Ball
3-2: Foul Ball, location: 2F
3-2: Base on Balls
Sam Voss to third
Tyler Romo to second
Batting: RHB Josh Shoemaker 0-0: Called Strike
0-1: Fly out, F8 (Flyball, 8RS, EV 92.5 MPH)
Batting: RHB Mario Gomez 0-0: Ball
1-0: Ball
2-0: Hit by Pitch
Sam Voss scores
Tyler Romo to third
Bill Flannery to second
Batting: LHB Tony Cisneros 0-0: Ball
1-0: Foul Ball, location: 2F
1-1: Ball
2-1: Foul Ball, location: 2F
2-2: Fly out, F7 (Flyball, 7D, EV 96.2 MPH)
Runner from 3rd tags up, SCORES, no throw by LF
Batting: RHB Shi-fu Cuan 0-0: Ball
1-0: Ball
2-0: Fly out, F9 (Flyball, 89M, EV 86.9 MPH)
Bottom of the 1st over - 2 runs, 1 hit, 0 errors, 2 left on base; Colorado 1 - Amarillo 2
TOP OF THE 2ND
Colorado Avalanche batting - Pitching for Amarillo ThunderHeads : RHP Antonio Ayala
Batting: LHB Glenn Lowther 0-0: Ball
1-0: Ball
2-0: Foul Ball, location: 2F
2-1: Ball
3-1: Swinging Strike
3-2: DOUBLE (Line Drive, 5D, EV 94.4 MPH)
Batting: RHB Dan Hoffman 0-0: Fly out, F8 (Flyball, 8LXD, EV 101.2 MPH)
Runner from 2nd tags up, SAFE at 3rd, no throw by CF
Batting: LHB Zane Kelton 0-0: Called Strike
0-1: Swinging Strike
0-2: SINGLE (Flyball, 56D, EV 91.2 MPH)
Glenn Lowther scores
Batting: RHB Aaron Burnet 0-0: Ball
1-0: 2-RUN HOME RUN (Line Drive, 7LD, EV 95.0 MPH), Distance : 352 ft
Batting: RHB Mike Chiquete 0-0: Ball
1-0: SOLO HOME RUN (Flyball, 78XD, EV 100.0 MPH), Distance : 406 ft
Batting: RHB Kevin Tangeman 0-0: Called Strike
0-1: Foul Ball, location: 2F
0-2: Ball
1-2: Ball
2-2: Foul Ball, location: 2F
2-2: Fly out, F9 (Flyball, 89D, EV 107.5 MPH)
Batting: LHB Mick Tucker 0-0: Called Strike
0-1: Foul Ball, location: 2F
0-2: Fly out, F9 (Line Drive, 9S, EV 104.4 MPH)
Top of the 2nd over - 4 runs, 4 hits, 0 errors, 0 left on base; Colorado 5 - Amarillo 2
BOTTOM OF THE 2ND
Amarillo ThunderHeads batting - Pitching for Colorado Avalanche : RHP Don Carriere
Batting: RHB Ray Travis 0-0: Called Strike
0-1: Ball
1-1: Ball
2-1: Swinging Strike
2-2: Ball
3-2: Foul Ball, location: 2F
3-2: Foul Ball, location: 2F
3-2: Strikes out looking
Batting: RHB Zhong See-to 0-0: Ball
1-0: Called Strike
1-1: Foul Ball, location: 2F
1-2: Ball
2-2: Ball
3-2: Base on Balls
Batting: RHB Sam Voss 0-0: Called Strike
0-1: Fly out, F3 (Popup, 3F, EV 69.4 MPH)
Batting: SHB Tyler Romo 0-0: Reached on error, E4 (Groundball, 34, EV 83.8 MPH)
Zhong See-to to third
Batting: RHB Bill Flannery 0-0: Called Strike
0-1: Ball
1-1: Ball
2-1: Swinging Strike
2-2: Ball
3-2: Ground out 6-3 (Groundball, 6, EV 97.5 MPH)
Bottom of the 2nd over - 0 runs, 0 hits, 1 error, 2 left on base; Colorado 5 - Amarillo 2
TOP OF THE 3RD
Colorado Avalanche batting - Pitching for Amarillo ThunderHeads : RHP Antonio Ayala
Batting: RHB Eric Delgado 0-0: Ball
1-0: Ball
2-0: Foul Ball, location: 2F
2-1: Foul Ball, location: 2F
2-2: Foul Ball, location: 2F
2-2: Foul Ball, location: 2F
2-2: Ball
3-2: SOLO HOME RUN (Flyball, 9LD, EV 96.9 MPH), Distance : 344 ft
Batting: SHB Ken Griffey IV 0-0: SOLO HOME RUN (Flyball, 89XD, EV 105.6 MPH), Distance : 416 ft
Pitching: RHP Dan Corrow
Batting: LHB Glenn Lowther 0-0: Ball
1-0: Ground out U3 (Groundball, 3, EV 101.9 MPH)
Batting: RHB Dan Hoffman 0-0: Ball
1-0: Called Strike
1-1: Ground out 4-3 (Groundball, 4M, EV 91.9 MPH)
Batting: LHB Zane Kelton 0-0: Foul Ball, location: 2F
0-1: Ball
1-1: Ball
2-1: Ball
3-1: Foul Ball, location: 2F
3-2: Base on Balls
Batting: RHB Aaron Burnet 0-0: Ball
1-0: Ball
Passed Ball!
Zane Kelton to second
2-0: Ball
3-0: Called Strike
3-1: Fly out, F8 (Flyball, 8LD, EV 95.6 MPH)
Top of the 3rd over - 2 runs, 2 hits, 0 errors, 1 left on base; Colorado 7 - Amarillo 2
BOTTOM OF THE 3RD
Amarillo ThunderHeads batting - Pitching for Colorado Avalanche : RHP Don Carriere
Batting: RHB Josh Shoemaker 0-0: Foul Ball, location: 2F
0-1: Fly out, F8 (Flyball, 78XD, EV 90.6 MPH)
Batting: RHB Mario Gomez 0-0: Called Strike
0-1: Ball
1-1: Foul Ball, location: 2F
1-2: Ball
2-2: Foul Ball, location: 2F
2-2: Ball
3-2: Fly out, F4 (Popup, 4, EV 76.2 MPH)
Batting: LHB Tony Cisneros 0-0: Swinging Strike
0-1: Ball
1-1: Foul Ball, location: 2F
1-2: Ball
2-2: Ground out 4-3 (Groundball, 4, EV 101.9 MPH)
Bottom of the 3rd over - 0 runs, 0 hits, 0 errors, 0 left on base; Colorado 7 - Amarillo 2
TOP OF THE 4TH
Colorado Avalanche batting - Pitching for Amarillo ThunderHeads : RHP Dan Corrow
Batting: RHB Mike Chiquete 0-0: Ball
1-0: Ground out 6-3 (Groundball, 6M, EV 83.1 MPH)
Batting: RHB Kevin Tangeman 0-0: Ball
1-0: Foul Ball, location: 2F
1-1: Ball
2-1: Foul Ball, location: 2F
2-2: Ball
3-2: Fly out, F7 (Flyball, 7D, EV 90.6 MPH)
Batting: LHB Mick Tucker 0-0: Ball
1-0: Called Strike
1-1: Foul Ball, location: 2F
1-2: Foul Ball, location: 2F
1-2: Foul Ball, location: 2F
1-2: Ball
2-2: Strikes out swinging
Top of the 4th over - 0 runs, 0 hits, 0 errors, 0 left on base; Colorado 7 - Amarillo 2
BOTTOM OF THE 4TH
Amarillo ThunderHeads batting - Pitching for Colorado Avalanche : RHP Don Carriere
Batting: RHB Shi-fu Cuan 0-0: Called Strike
0-1: Ball
1-1: Swinging Strike
1-2: Ball
2-2: Ball
3-2: Strikes out swinging
Batting: RHB Ray Travis 0-0: Called Strike
0-1: Foul Ball, location: 2F
0-2: Ball
1-2: Ball
2-2: Ball
3-2: Base on Balls
Batting: RHB Zhong See-to 0-0: Ball
1-0: Ball
2-0: Ball
3-0: Called Strike
3-1: Swinging Strike
3-2: Foul Ball, location: 2F
3-2: Base on Balls
Ray Travis to second
Batting: RHB Sam Voss 0-0: Ball
1-0: Swinging Strike
1-1: Foul Ball, location: 2F
1-2: Ball
2-2: Ball
3-2: Fly out, F8 (Flyball, 8LD, EV 91.2 MPH)
Batting: SHB Tyler Romo 0-0: Swinging Strike
0-1: Ball
1-1: Foul Ball, location: 2F
1-2: Ball
2-2: Foul Ball, location: 2F
2-2: Fly out, F8 (Flyball, 8LXD, EV 103.8 MPH)
Bottom of the 4th over - 0 runs, 0 hits, 0 errors, 2 left on base; Colorado 7 - Amarillo 2
TOP OF THE 5TH
Colorado Avalanche batting - Pitching for Amarillo ThunderHeads : RHP Dan Corrow
Batting: RHB Eric Delgado 0-0: Ball
1-0: Foul Ball, location: 2F
1-1: Ball
2-1: Ball
3-1: DOUBLE (Line Drive, 9LM, EV 108.8 MPH)
Batting: SHB Ken Griffey IV 0-0: Called Strike
0-1: Called Strike
0-2: Strikes out looking
Batting: LHB Glenn Lowther 0-0: Called Strike
0-1: Ball
1-1: Ball
Wild Pitch!
Eric Delgado to third
2-1: Ball
Passed Ball!
Eric Delgado scores
3-1: Reached on error, E6 (Groundball, 6S, EV 76.9 MPH)
Batting: RHB Dan Hoffman 0-0: Ball
Glenn Lowther steals 2nd base
1-0: Ball
2-0: Swinging Strike
2-1: Fly out, F9 (Flyball, 9, EV 91.9 MPH)
Batting: LHB Zane Kelton 0-0: Ball
1-0: Called Strike
1-1: Swinging Strike
1-2: Fly out, F9 (Flyball, 9, EV 75.0 MPH)
Top of the 5th over - 1 run, 1 hit, 1 error, 1 left on base; Colorado 8 - Amarillo 2
BOTTOM OF THE 5TH
Amarillo ThunderHeads batting - Pitching for Colorado Avalanche : RHP Don Carriere
Batting: RHB Bill Flannery 0-0: Foul Ball, location: 2F
0-1: Ball
1-1: Swinging Strike
1-2: Strikes out swinging
Batting: RHB Josh Shoemaker 0-0: Ball
1-0: Fly out, F9 (Flyball, 9LD, EV 98.1 MPH)
Batting: RHB Mario Gomez 0-0: Ball
1-0: Ball
2-0: Called Strike
2-1: Ball
3-1: Base on Balls
Pitching: LHP Dan Ott
Batting: LHB Tony Cisneros 0-0: Ball
1-0: Called Strike
Mario Gomez is caught stealing 2nd base 2-6
Bottom of the 5th over - 0 runs, 0 hits, 0 errors, 0 left on base; Colorado 8 - Amarillo 2
TOP OF THE 6TH
Colorado Avalanche batting - Pitching for Amarillo ThunderHeads : RHP Dan Corrow
Batting: RHB Aaron Burnet 0-0: Swinging Strike
0-1: Foul Ball, location: 2F
0-2: Ball
1-2: Foul Ball, location: 2F
1-2: Ball
2-2: Foul Ball, location: 2F
2-2: Ball
3-2: Foul Ball, location: 2F
3-2: Base on Balls
Pitching: LHP Zach Harris
Batting: RHB Mike Chiquete 0-0: Ball
1-0: Ball
2-0: Foul Ball, location: 2F
2-1: Ball
3-1: Foul Ball, location: 2F
3-2: Strikes out swinging
Batting: RHB Kevin Tangeman 0-0: Foul Ball, location: 2F
0-1: Swinging Strike
0-2: Foul Ball, location: 2F
0-2: Foul Ball, location: 2F
0-2: Ball
1-2: Ball
2-2: Grounds into double play, 6-4-3 (Groundball, 6, EV 85.6 MPH)
Top of the 6th over - 0 runs, 0 hits, 0 errors, 0 left on base; Colorado 8 - Amarillo 2
BOTTOM OF THE 6TH
Amarillo ThunderHeads batting - Pitching for Colorado Avalanche : LHP Dan Ott
Batting: LHB Tony Cisneros 0-0: Swinging Strike
0-1: Foul Ball, location: 2F
0-2: Foul Ball, location: 2F
0-2: Foul Ball, location: 2F
0-2: Strikes out swinging
Batting: RHB Shi-fu Cuan 0-0: Called Strike
0-1: Ball
1-1: Ground out 4-3 (Groundball, 34, EV 83.8 MPH)
Batting: RHB Ray Travis 0-0: Called Strike
0-1: Fly out, F4 (Popup, 4, EV 65.0 MPH)
Bottom of the 6th over - 0 runs, 0 hits, 0 errors, 0 left on base; Colorado 8 - Amarillo 2
TOP OF THE 7TH
Colorado Avalanche batting - Pitching for Amarillo ThunderHeads : LHP Zach Harris
Batting: LHB Mick Tucker 0-0: Foul Ball, location: 2F
0-1: Ball
1-1: Fly out, F7 (Flyball, 78S, EV 90.6 MPH)
Batting: RHB Eric Delgado 0-0: Ball
1-0: Called Strike
1-1: Ball
2-1: Called Strike
2-2: Foul Ball, location: 2F
2-2: Ball
3-2: Foul Ball, location: 2F
3-2: Foul Ball, location: 2F
3-2: SINGLE (Flyball, 8RS, EV 97.5 MPH)
Batting: SHB Ken Griffey IV 0-0: Ball
1-0: Swinging Strike
1-1: Ball
2-1: Foul Ball, location: 2F
2-2: Ball
3-2: Strikes out looking
Batting: LHB Glenn Lowther 0-0: Called Strike
0-1: Ball
1-1: Ball
2-1: Ball
3-1: Called Strike
3-2: SINGLE (Flyball, 8LS, EV 91.9 MPH)
Eric Delgado to second
Eric Delgado to third
Pitching: LHP Pat Mena
Batting: RHB Dan Hoffman 0-0: Ball
1-0: Swinging Strike
1-1: Called Strike
Glenn Lowther is caught stealing 2nd base 2-4
Top of the 7th over - 0 runs, 2 hits, 0 errors, 1 left on base; Colorado 8 - Amarillo 2
BOTTOM OF THE 7TH
Amarillo ThunderHeads batting - Pitching for Colorado Avalanche : LHP Dan Ott
Batting: RHB Eric Juarez 0-0: Ground out 4-3 (Groundball, 4, EV 83.8 MPH)
Batting: RHB Sam Voss 0-0: Ball
1-0: Ground out 3-1 (Groundball, 34S, EV 82.5 MPH)
Batting: SHB Tyler Romo 0-0: Called Strike
0-1: Ball
1-1: Ball
2-1: Foul Ball, location: 2F
2-2: Ball
3-2: Base on Balls
Batting: RHB Bill Flannery 0-0: Called Strike
0-1: Ball
1-1: Ball
2-1: Foul Ball, location: 2F
2-2: SINGLE (Line Drive, 9S, EV 109.4 MPH)
Tyler Romo to second
Batting: RHB Josh Shoemaker 0-0: Swinging Strike
0-1: Foul Ball, location: 2F
0-2: Ball
1-2: SINGLE (Groundball, 34D, EV 96.9 MPH)
Tyler Romo to third
Bill Flannery to second
Runner from 3rd tries for Home, SAFE, throw by RF to home
Pitching: LHP Juan Vargas
Batting: RHB Mario Gomez 0-0: Ball
1-0: Ball
2-0: Fielders Choice at 2nd, 5-4 (Groundball, 5, EV 110.0 MPH)
Bottom of the 7th over - 1 run, 2 hits, 0 errors, 2 left on base; Colorado 8 - Amarillo 3
TOP OF THE 8TH
Colorado Avalanche batting - Pitching for Amarillo ThunderHeads : LHP Pat Mena
Batting: RHB Dan Hoffman 0-0: Called Strike
0-1: Ball
1-1: Ball
2-1: Ground out 6-3 (Groundball, 6S, EV 90.0 MPH)
Batting: LHB Zane Kelton 0-0: Called Strike
0-1: Foul Ball, location: 2F
0-2: Foul Ball, location: 2F
0-2: SINGLE (Line Drive, 6M, EV 105.0 MPH)
Batting: RHB Aaron Burnet 0-0: Called Strike
0-1: Ball
1-1: Ball
2-1: Foul Ball, location: 2F
2-2: Strikes out looking
Batting: RHB Mike Chiquete 0-0: Called Strike
0-1: Ball
1-1: Swinging Strike
1-2: Strikes out looking
Top of the 8th over - 0 runs, 1 hit, 0 errors, 1 left on base; Colorado 8 - Amarillo 3
BOTTOM OF THE 8TH
Amarillo ThunderHeads batting - Pitching for Colorado Avalanche : LHP Juan Vargas
Batting: LHB Tony Cisneros 0-0: Ball
1-0: Foul Ball, location: 2F
1-1: Foul Ball, location: 2F
1-2: Strikes out looking
Batting: RHB Shi-fu Cuan 0-0: Swinging Strike
0-1: Ball
1-1: Foul Ball, location: 2F
1-2: Ball
2-2: Strikes out swinging
Batting: RHB Ray Travis 0-0: Called Strike
0-1: Swinging Strike
0-2: Strikes out swinging
Bottom of the 8th over - 0 runs, 0 hits, 0 errors, 0 left on base; Colorado 8 - Amarillo 3
TOP OF THE 9TH
Colorado Avalanche batting - Pitching for Amarillo ThunderHeads : LHP Pat Mena
Batting: RHB Kevin Tangeman 0-0: Ball
1-0: Ball
2-0: Ball
3-0: Base on Balls
Batting: LHB Mick Tucker 0-0: Swinging Strike
Balk!
Kevin Tangeman to second
0-1: Ball
1-1: Ball
2-1: Ball
3-1: Called Strike
3-2: Ground out 6-3 (Groundball, 4M, EV 85.0 MPH)
Kevin Tangeman to third
Batting: RHB Eric Delgado 0-0: Foul Ball, location: 2F
0-1: Ball
1-1: Foul Ball, location: 2F
1-2: Ball
2-2: Foul Ball, location: 2F
2-2: Foul Ball, location: 2F
2-2: Ball
3-2: SINGLE (Line Drive, 9S, EV 90.0 MPH)
Kevin Tangeman scores
Pitching: RHP Erik Myers
Batting: SHB Ken Griffey IV 0-0: Fielders Choice at 2nd, 4-6 (Groundball, 34, EV 86.2 MPH)
Batting: LHB Glenn Lowther 0-0: Ball
1-0: Called Strike
Ken Griffey IV steals 2nd base
1-1: Called Strike
1-2: Ball
2-2: Foul Ball, location: 2F
2-2: Foul Ball, location: 2F
2-2: Ball
3-2: Foul Ball, location: 2F
3-2: Fly out, F7 (Flyball, 78M, EV 75.6 MPH)
Top of the 9th over - 1 run, 1 hit, 0 errors, 1 left on base; Colorado 9 - Amarillo 3
BOTTOM OF THE 9TH
Amarillo ThunderHeads batting - Pitching for Colorado Avalanche : LHP Juan Vargas
Batting: RHB Eric Juarez 0-0: Ground out 4-3 (Groundball, 4, EV 103.8 MPH)
Batting: RHB Sam Voss 0-0: Called Strike
0-1: Ball
1-1: DOUBLE (Groundball, 5L, EV 102.5 MPH)
Batting: SHB Tyler Romo 0-0: Called Strike
0-1: Ball
1-1: Swinging Strike
1-2: Ball
2-2: Ball
3-2: Strikes out swinging
Batting: RHB Bill Flannery 0-0: Ball
1-0: Reached on error, E5 (Groundball, 5, EV 98.1 MPH)
Sam Voss to third
Batting: RHB Josh Shoemaker 0-0: Foul Ball, location: 2F
0-1: Foul Ball, location: 2F
0-2: Ball
1-2: Foul Ball, location: 2F
1-2: Fly out, F8 (Line Drive, 89M, EV 90.6 MPH)
Bottom of the 9th over - 0 runs, 1 hit, 1 error, 2 left on base; Colorado 9 - Amarillo 3
Thursday, December 15th , 2022 - OOTP Baseball 23.9 Build 102